[Event "Titled Tuesday Blitz December 20 Early 2022"]
[White "Kirillov-Dmitry"]
[Black "IronicSteal05"]
[WhiteElo "2444"]
[BlackElo "2245"]
[Result "1-0"]
[Round "05"]
[TimeControl "180+2"]
[Date "2022.12.20"]
[WhiteClock "0:01:32"]
[BlackClock "0:01:52"]

1. e4 c5 2. Nc3 a6 3. a4 Nc6 4. f4 g6 5. Nf3 Bg7 6. Bc4 e6 7. e5 Nge7 8. Ne4 O-O 9. c3 b6 10. Nd6 Nf5 11. Nxf5 exf5 12. d4 d5 13. Be2 Be6 14. O-O Qe7 15. Bd2 Rfc8 16. Qe1 Na5 17. Be3 Nb3 18. Ra3 c4 19. Bd1 Na5 20. Ng5 Bf8 21. Ra1 Qb7 22. Qh4 h6 23. Nxe6 fxe6 24. g4 Qe7 25. Qg3 Qg7 26. Kh1 Kh8 27. Rg1 Qh7 28. gxf5 gxf5 29. Bh5 Be7 30. Bg6 Qg7 31. Qh3 Rg8 32. Bxf5 Qf8 33. Bxe6 Rxg1+ 34. Rxg1 1-0


[Site "https://www.chess.com"]

[Event "Titled Tuesday Blitz December 20 Early 2022"]
[White "Klose, Eli"]
[Black "Hansch, Karsten"]
[WhiteFideId "16242955"]
[BlackFideId "24692239"]
[WhiteElo "1519"]
[BlackElo "2248"]
[Result "1-0"]
[Round "05"]
[TimeControl "180+2"]
[Date "2022.12.20"]
[WhiteClock "0:02:21"]
[BlackClock "0:01:47"]

1. e4 c5 2. Nc3 Nc6 3. d3 g6 4. g3 Bg7 5. Bg2 e6 6. Be3 d6 7. Qd2 Rb8 8. Nge2 b5 9. O-O a5 10. f4 Nge7 11. Rae1 O-O 12. f5 exf5 13. exf5 Bxf5 14. Rxf5 gxf5 15. Bh6 Bxh6 16. Qxh6 Nd4 17. Nf4 Ng6 18. Nh5 Qf6 1-0


[Site "https://www.chess.com"]

[Event "Titled Tuesday Blitz December 20 Early 2022"]
[White "Kopylov_Alex"]
[Black "Mone, Ved"]
[BlackFideId "25666290"]
[WhiteElo "2790"]
[BlackElo "1254"]
[Result "0-1"]
[Round "05"]
[TimeControl "180+2"]
[Date "2022.12.20"]
[WhiteClock "0:01:14"]
[BlackClock "0:01:16"]

1. e4 c5 2. Nf3 d6 3. Bb5+ Nd7 4. O-O Nf6 5. e5 dxe5 6. Nxe5 a6 7. Bxd7+ Nxd7 8. Nf3 Nf6 9. b3 Bg4 10. Bb2 e6 11. d3 Bd6 12. Nbd2 O-O 13. Qe1 Nd5 14. Ne5 Bf5 15. f4 Nb4 16. Qd1 b5 17. a3 Nd5 18. Ne4 Ne3 19. Qh5 Nxf1 20. Nxd6 Qxd6 21. Rxf1 c4 22. Rf3 cxd3 23. Nxd3 Rac8 24. Bxg7 Kxg7 25. Rh3 Qd4+ 26. Nf2 Rxc2 27. Qh6+ Kg8 28. Rg3+ Bg6 29. Rf3 Rc1# 0-1


[Site "https://www.chess.com"]

[Event "Titled Tuesday Blitz December 20 Early 2022"]
[White "Korchmar_Vasiliy"]
[Black "Garma, Chito"]
[BlackFideId "5200342"]
[WhiteElo "2703"]
[BlackElo "2345"]
[Result "0-1"]
[Round "05"]
[TimeControl "180+2"]
[Date "2022.12.20"]
[WhiteClock "0:00:02"]
[BlackClock "0:00:53"]

1. e4 Nc6 2. Nf3 d6 3. d4 Nf6 4. Bd3 g6 5. c3 Bg7 6. h3 O-O 7. O-O e5 8. Re1 Nh5 9. Bg5 Bf6 10. Bh6 Bg7 11. Bg5 Qe8 12. Bc4 h6 13. Be3 Kh7 14. Nbd2 f5 15. exf5 gxf5 16. Nf1 e4 17. N3h2 Bf6 18. f3 Qg6 19. fxe4 fxe4 20. Ng4 Bh4 21. Re2 Bxg4 22. hxg4 Qxg4 23. Rd2 Qg6 24. Bd5 Rae8 25. Qb3 Nd8 26. Bxb7 Ng3 27. Ba6 Nxf1 28. Bxf1 Bg3 29. Qd5 Rf5 30. Qa8 Qh5 0-1


[Site "https://www.chess.com"]

[Event "Titled Tuesday Blitz December 20 Early 2022"]
[White "Kotofeyca"]
[Black "MusicCityMaster"]
[WhiteElo "2372"]
[BlackElo "2329"]
[Result "1-0"]
[Round "05"]
[TimeControl "180+2"]
[Date "2022.12.20"]
[WhiteClock "0:00:11"]
[BlackClock "0:00:14"]

1. d4 Nf6 2. c4 c5 3. Nf3 cxd4 4. Nxd4 e5 5. Nb5 d5 6. cxd5 Bc5 7. d6 O-O 8. Nc7 Ne4 9. e3 Nxd6 10. Nxa8 Nc6 11. Nc3 Be6 12. a3 a5 13. Nb5 Nxb5 14. Qxd8 Rxd8 15. Bxb5 Rxa8 16. Bd2 Bd5 17. f3 e4 18. f4 f5 19. Rc1 Bb6 20. Bc4 Rd8 21. Ke2 Bxc4+ 22. Rxc4 Rd3 23. Rc3 Rd7 24. Rb3 Ba7 25. Rb5 g6 26. Bxa5 Rd3 27. Bd2 b6 28. Rc1 Rd6 29. Bc3 Kf7 30. Rd1 Ke6 31. Be5 Rxd1 32. Kxd1 Na5 33. b3 Nc6 34. Kc2 g5 35. Kc3 gxf4 36. Bxf4 h5 37. Kc4 Na5+ 38. Kd4 Nc6+ 39. Kc3 Ne7 40. Re5+ Kf6 41. Kc4 Bb8 42. Rb5 Ba7 43. b4 Ke6 44. h4 Ng6 45. g3 Ne7 46. Re5+ Kf6 47. Bg5+ Kxe5 48. Bxe7 b5+ 49. Kxb5 Bxe3 50. Kc4 Ke6 51. Bd8 Bf2 52. Bc7 e3 53. Kd3 Kd5 54. a4 Be1 55. b5 Bd2 56. Bf4 Be1 57. Kxe3 Kc5 58. Kd3 Kb6 59. Kc4 Ka5 60. Kb3 Bf2 61. Bc7+ Bb6 62. Bxb6+ Kxb6 63. Kb4 Kb7 64. a5 Kc7 65. Kc5 Kb7 66. b6 Ka6 67. Kc6 Kxa5 68. b7 Kb4 69. b8=Q+ Kc4 70. Qf4+ 1-0


[Site "https://www.chess.com"]

[Event "Titled Tuesday Blitz December 20 Early 2022"]
[White "KubaGepard"]
[Black "Groz, Jacky"]
[BlackFideId "626643"]
[WhiteElo "2594"]
[BlackElo "2052"]
[Result "0-1"]
[Round "05"]
[TimeControl "180+2"]
[Date "2022.12.20"]
[WhiteClock "0:00:02"]
[BlackClock "0:00:18"]

1. d4 d5 2. c4 e6 3. Nf3 a6 4. Nbd2 dxc4 5. Nxc4 b5 6. Nce5 Bb7 7. e3 Nf6 8. Ng5 Ne4 9. Ngxf7 Qf6 10. f3 Qh4+ 11. g3 Bb4+ 12. Ke2 Nxg3+ 13. hxg3 Qxh1 14. Nxh8 Qh2+ 15. Kd3 c5 16. Bd2 Nc6 17. Nxc6 Bxc6 18. Bxb4 cxb4 19. Rc1 Rc8 20. Qb3 Qh6 21. Qxb4 Be4+ 22. fxe4 Rxc1 23. Be2 Rc6 24. d5 exd5 25. exd5 Rc4 26. Qa5 Qh1 27. e4 Qxe4+ 28. Kd2 Rc2+ 0-1


[Site "https://www.chess.com"]

[Event "Titled Tuesday Blitz December 20 Early 2022"]
[White "Legendinunknown"]
[Black "ChessShop"]
[WhiteElo "2731"]
[BlackElo "2502"]
[Result "1/2-1/2"]
[Round "05"]
[TimeControl "180+2"]
[Date "2022.12.20"]
[WhiteClock "0:00:03"]
[BlackClock "0:00:17"]

1. d4 d6 2. Nf3 Nf6 3. Nc3 Nbd7 4. e4 e5 5. Bc4 Be7 6. h3 O-O 7. O-O exd4 8. Nxd4 Ne5 9. Be2 Ng6 10. a4 c6 11. Kh1 Re8 12. f4 Bf8 13. Bd3 Qc7 14. Qf3 h5 15. Be3 Bd7 16. Rae1 a6 17. Nf5 b5 18. b4 Bc8 19. Bd4 Qd8 20. axb5 axb5 21. Ne2 h4 22. Ba1 Ra3 23. Ned4 Bb7 24. Nb3 d5 25. e5 Ne4 26. Rxe4 dxe4 27. Qxe4 Ba8 28. Nc5 Bxc5 29. bxc5 Qa5 30. Nd6 Rxa1 31. Nxe8 Rxf1+ 32. Bxf1 Qa1 33. Kg1 Qc3 34. Bd3 Qxc5+ 35. Kf1 Qa3 36. Nd6 c5 37. Qf5 Qc1+ 38. Kf2 Qxf4+ 39. Qxf4 Nxf4 40. Be4 Bxe4 41. Nxe4 Ng6 42. e6 fxe6 43. Nxc5 Kf7 44. Nd3 e5 45. Kf3 Ke6 46. Ke4 Kd6 47. c3 Ke6 48. Nc5+ Kf6 49. Nd3 Ke6 50. Ne1 Kd6 51. Kf5 Ne7+ 52. Kg5 Nd5 53. Kxh4 Nxc3 54. Nc2 e4 55. Kg4 Ke5 56. h4 Nd5 57. h5 b4 58. Kg3 b3 59. Na3 Ne3 60. Kf2 Nc2 61. Nc4+ Kd4 62. Nb2 Ne3 63. g3 Ng4+ 64. Ke2 Ne5 65. Na4 Nd3 66. Kd2 b2 67. Kc2 Ke3 68. Nc3 Kf3 69. g4 Kxg4 70. Nxe4 Kxh5 71. Nd2 Nf2 72. Kxb2 Kg4 73. Kc2 Kf4 74. Nf1 g5 75. Kd2 Kf3 76. Ne3 Ne4+ 77. Kd3 Nc5+ 78. Kd2 Nb3+ 79. Kd3 Nc1+ 80. Kd2 Ne2 81. Nf5 Nf4 82. Ne3 Ke4 83. Ng4 Nd5 84. Ke2 Kf4 85. Nh2 Kg3 86. Nf1+ Kg2 87. Nd2 g4 88. Ne4 Nf4+ 89. Ke3 Nd5+ 90. Kd4 Ne7 91. Ke5 Kf3 92. Ng5+ Kf2 93. Kf4 Ng6+ 94. Kxg4 1/2-1/2


[Site "https://www.chess.com"]

[Event "Titled Tuesday Blitz December 20 Early 2022"]
[White "Leon-Black"]
[Black "vladoboch"]
[WhiteElo "2634"]
[BlackElo "2445"]
[Result "1-0"]
[Round "05"]
[TimeControl "180+2"]
[Date "2022.12.20"]
[WhiteClock "0:00:49"]
[BlackClock "0:00:15"]

1. Nf3 c5 2. e4 Nc6 3. c3 Nf6 4. e5 Nd5 5. Bc4 Nb6 6. Bb3 e6 7. d4 cxd4 8. cxd4 d6 9. Qe2 dxe5 10. dxe5 Bb4+ 11. Nbd2 Nd5 12. O-O Nf4 13. Qe4 Nd3 14. Nc4 Nc5 15. Qg4 O-O 16. Bh6 g6 17. Rad1 Qe7 18. Bg5 Qc7 19. Qh4 h5 20. Nd6 Nxb3 21. axb3 a5 22. Bf6 Bxd6 23. exd6 Qb6 24. Qf4 Kh7 25. Ng5+ Kg8 26. d7 e5 27. Bxe5 Nxe5 28. Qxe5 Bxd7 29. Rxd7 Qxb3 30. Ne4 Ra6 31. Nf6+ Kh8 32. Nxh5+ f6 33. Qe7 1-0


[Site "https://www.chess.com"]

[Event "Titled Tuesday Blitz December 20 Early 2022"]
[White "Levanovsky, Vladimir"]
[Black "manitodeplomo"]
[WhiteFideId "24119784"]
[WhiteElo "1869"]
[BlackElo "2639"]
[Result "0-1"]
[Round "05"]
[TimeControl "180+2"]
[Date "2022.12.20"]
[WhiteClock "0:00:03"]
[BlackClock "0:00:40"]

1. e4 c5 2. Nf3 Nc6 3. d4 cxd4 4. Nxd4 e6 5. Nc3 a6 6. Be3 Na5 7. Be2 b5 8. a3 Bb7 9. O-O Rc8 10. Qd2 Nc4 11. Bxc4 Rxc4 12. Rad1 Qc7 13. Rfe1 Nf6 14. Bf4 Qc8 15. e5 Nd5 16. Nxd5 Bxd5 17. c3 Qb7 18. f3 Bc5 19. Be3 Bxd4 20. Bxd4 O-O 21. h4 Rfc8 22. h5 h6 23. Kf2 Qc7 24. Qf4 Qd8 25. g4 Qg5 26. Qxg5 hxg5 27. Be3 f6 28. Bd4 Kf7 29. h6 gxh6 30. exf6 a5 31. Rh1 Kg6 32. b4 axb4 33. axb4 d6 34. Rh5 e5 35. Be3 Ba8 36. Rxd6 Rxc3 37. Rd7 Rc2+ 38. Kg3 R8c3 39. Bc5 Rxf3# 0-1


[Site "https://www.chess.com"]

[Event "Titled Tuesday Blitz December 20 Early 2022"]
[White "Liaqat, Ali ISB"]
[Black "Timofeeva, Galina"]
[WhiteFideId "7807058"]
[BlackFideId "14106175"]
[WhiteElo "1927"]
[BlackElo "1955"]
[Result "1/2-1/2"]
[Round "05"]
[TimeControl "180+2"]
[Date "2022.12.20"]
[WhiteClock "0:00:13"]
[BlackClock "0:00:13"]

1. d4 d5 2. c4 dxc4 3. e4 Nf6 4. e5 Nd5 5. Bxc4 Nc6 6. Nc3 Nb6 7. Bb5 Bd7 8. Nf3 e6 9. a3 Ne7 10. Bxd7+ Qxd7 11. O-O Nf5 12. Qd3 Be7 13. Rd1 c6 14. Ne4 h6 15. g3 O-O 16. h4 Rad8 17. b4 Qd5 18. Qe2 Qc4 19. Qxc4 Nxc4 20. h5 Rd5 21. g4 Nh4 22. Nxh4 Bxh4 23. Be3 Rfd8 24. Rdc1 b5 25. a4 a6 26. Nc5 Bg5 27. Bxg5 hxg5 28. Nb3 f6 29. axb5 axb5 30. exf6 gxf6 31. Ra6 R5d6 32. Nc5 Rxd4 33. f3 Rd2 34. Ne4 Rb2 35. Ra7 Rf8 36. h6 Ne5 37. Rc3 Rxb4 38. Rca3 Ra4 39. R3xa4 bxa4 40. Kg2 a3 41. Kg3 a2 42. Rxa2 Kh7 43. Nc5 Kxh6 44. Nxe6 Rb8 45. Nd4 Kg6 46. Ra7 Rd8 47. Ne6 Rg8 48. f4 gxf4+ 49. Kxf4 Nf7 50. Rc7 Ng5 51. Nxg5 fxg5+ 52. Kg3 Rf8 53. Rxc6+ Rf6 54. Rxf6+ Kxf6 55. Kf3 Ke5 56. Ke3 Kd5 57. Kd3 Ke5 58. Ke3 Kd5 59. Kd3 Ke5 60. Ke3 1/2-1/2


[Site "https://www.chess.com"]

[Event "Titled Tuesday Blitz December 20 Early 2022"]
[White "Lion-Al-Messi"]
[Black "Suduvasachmatai"]
[WhiteElo "2520"]
[BlackElo "2110"]
[Result "1-0"]
[Round "05"]
[TimeControl "180+2"]
[Date "2022.12.20"]
[WhiteClock "0:01:48"]
[BlackClock "0:01:02"]

1. e4 c5 2. Nf3 d6 3. d4 cxd4 4. Nxd4 Nf6 5. Nc3 a6 6. h3 e5 7. Nde2 Be7 8. g4 O-O 9. Bg2 Nc6 10. Ng3 Be6 11. O-O Rc8 12. Nf5 Bxf5 13. exf5 b5 14. a3 Re8 15. g5 Nd7 16. Qg4 Nd4 17. f6 Bf8 18. fxg7 Bxg7 19. Be4 f5 20. Bxf5 Rf8 21. Bxd7 Rc7 22. Be6+ Kh8 23. Be3 Nf3+ 24. Kh1 e4 25. Nxe4 Rxc2 26. Rad1 Qe7 27. Rxd6 Ne5 28. Qh5 Nc4 29. g6 Be5 30. Rd7 1-0


[Site "https://www.chess.com"]

[Event "Titled Tuesday Blitz December 20 Early 2022"]
[White "Liyanage, Ranindu Dilshan"]
[Black "Crone, Stephan"]
[WhiteFideId "9915834"]
[BlackFideId "4670175"]
[WhiteElo "2342"]
[BlackElo "1860"]
[Result "1-0"]
[Round "05"]
[TimeControl "180+2"]
[Date "2022.12.20"]
[WhiteClock "0:01:35"]
[BlackClock "0:00:54"]

1. e4 g6 2. d4 Bg7 3. Nc3 d6 4. Nf3 Nf6 5. Be2 O-O 6. O-O Bg4 7. h3 Bxf3 8. Bxf3 e5 9. Be3 Nc6 10. dxe5 dxe5 11. Nd5 Nxd5 12. exd5 Nd4 13. Be4 f5 14. Bd3 Qxd5 15. c3 e4 16. Bc2 Nf3+ 17. gxf3 Qxd1 18. Raxd1 exf3 19. Rd7 Be5 20. Re1 Bd6 21. Bb3+ 1-0


[Site "https://www.chess.com"]

[Event "Titled Tuesday Blitz December 20 Early 2022"]
[White "Luks, Artur"]
[Black "Marenco Fernandez, Oscar"]
[WhiteFideId "21808856"]
[BlackFideId "6503080"]
[WhiteElo "1577"]
[BlackElo "1885"]
[Result "1-0"]
[Round "05"]
[TimeControl "180+2"]
[Date "2022.12.20"]
[WhiteClock "0:00:15"]
[BlackClock "0:00:11"]

1. e4 c5 2. Nf3 d6 3. d4 cxd4 4. Nxd4 Nf6 5. Nc3 a6 6. Bg5 e6 7. f4 Qb6 8. Qd3 Nc6 9. O-O-O Qxd4 10. Qxd4 Nxd4 11. Rxd4 Be7 12. Bxf6 gxf6 13. Bc4 h5 14. Bb3 h4 15. Na4 Rg8 16. Nb6 Rb8 17. Rd2 Rg4 18. Rf1 Bd8 19. Nxc8 Rxc8 20. h3 Rg3 21. f5 Ke7 22. Rf3 Rxf3 23. gxf3 Bb6 24. Rg2 Be3+ 25. Kd1 Bg5 26. Rg4 e5 27. a4 b5 28. Ke2 bxa4 29. Bxa4 Rb8 30. Bb3 a5 31. Rg1 Rb5 32. Ra1 Rc5 33. Kd3 Bf4 34. Bc4 Kd7 35. c3 Bg3 36. Bxf7 Rb5 37. b3 Kc7 38. Bc4 Rc5 39. b4 axb4 40. cxb4 Rc6 41. Ra7+ Kb6 42. Rf7 d5 43. exd5 Rd6 44. Re7 Be1 45. b5 Bb4 46. Re8 Be1 47. Rc8 Bb4 48. Rc6+ Kb7 49. Ke4 Ba3 50. f4 exf4 51. Kxf4 Bc1+ 52. Kg4 Rxc6 53. dxc6+ Kc7 54. Kxh4 Kd6 55. Kh5 Bg5 56. h4 Bf4 57. Kg6 Ke7 58. h5 Bc7 59. h6 1-0


[Site "https://www.chess.com"]

[Event "Titled Tuesday Blitz December 20 Early 2022"]
[White "Mac Intyre, Paul"]
[Black "Elbek_Jumanov"]
[WhiteFideId "2014505"]
[WhiteElo "2246"]
[BlackElo "2435"]
[Result "1-0"]
[Round "05"]
[TimeControl "180+2"]
[Date "2022.12.20"]
[WhiteClock "0:00:03"]
[BlackClock "0:00:01"]

1. c4 c5 2. Nc3 Nc6 3. g3 g6 4. Bg2 Bg7 5. h4 e6 6. h5 Nge7 7. h6 Bf6 8. Nf3 O-O 9. O-O d5 10. cxd5 exd5 11. e3 d4 12. Ne4 Bh8 13. Nxc5 Nf5 14. e4 Nxh6 15. d3 Ng4 16. Bg5 Qb6 17. Rc1 Qxb2 18. Qa4 Qb4 19. Qxb4 Nxb4 20. Rc4 Nxa2 21. Nxd4 Ne5 22. Ra4 Nc3 23. Ra3 Nxd3 24. Nxd3 Bxd4 25. e5 Bf5 26. Nc1 Bxe5 27. Bxb7 Rab8 28. Bf3 Nb5 29. Ra5 Bc3 30. Ra4 Nd4 31. Bg2 a5 32. Na2 Ne2+ 33. Kh2 Rb5 34. Nxc3 Nxc3 35. Ra3 Ne4 36. Bf4 Nc5 37. Bc6 Rb6 38. Bf3 Rc8 39. Rxa5 Ne6 40. Be3 Rb3 41. Kg2 Rc2 42. Ra8+ Kg7 43. Re1 Rbb2 44. g4 Bd3 45. g5 h6 46. gxh6+ Kh7 47. Ra7 g5 48. Rxf7+ Kg6 49. Re7 Nf4+ 50. Bxf4 Rxf2+ 51. Kg3 gxf4+ 52. Kxf4 Rxf3+ 53. Kxf3 Kxh6 54. Rg1 1-0


[Site "https://www.chess.com"]

[Event "Titled Tuesday Blitz December 20 Early 2022"]
[White "Makswolf200817"]
[Black "AvitalBor"]
[WhiteElo "2651"]
[BlackElo "2816"]
[Result "0-1"]
[Round "05"]
[TimeControl "180+2"]
[Date "2022.12.20"]
[WhiteClock "0:00:57"]
[BlackClock "0:00:56"]

1. d4 Nf6 2. c4 g6 3. g3 c5 4. d5 Bg7 5. Bg2 O-O 6. Nc3 d6 7. Nf3 a6 8. O-O b5 9. cxb5 axb5 10. Nxb5 Ba6 11. Nc3 Nbd7 12. Re1 Ng4 13. Qc2 Qb6 14. h3 Nge5 15. Nd2 Rfb8 16. Kh2 h6 17. b3 c4 18. f4 cxb3 19. axb3 Qf2 20. Bb2 Rc8 21. Nde4 Nf3+ 22. Kh1 Nxe1 23. Qd2 Qxg2# 0-1


[Site "https://www.chess.com"]

[Event "Titled Tuesday Blitz December 20 Early 2022"]
[White "Malich, Burkhard, Dr."]
[Black "Martinez Ramirez, Lennis"]
[WhiteFideId "4611330"]
[BlackFideId "3509079"]
[WhiteElo "2323"]
[BlackElo "2426"]
[Result "0-1"]
[Round "05"]
[TimeControl "180+2"]
[Date "2022.12.20"]
[WhiteClock "0:00:05"]
[BlackClock "0:00:50"]

1. d4 d5 2. c4 e6 3. Nf3 Nf6 4. g3 dxc4 5. Bg2 a6 6. O-O Nc6 7. e3 Rb8 8. Qe2 b5 9. b3 cxb3 10. axb3 Bb7 11. Bb2 Nb4 12. Rc1 Bd6 13. Nbd2 Ne4 14. Ba3 Nxd2 15. Nxd2 Bxg2 16. Kxg2 a5 17. Ne4 O-O 18. Nc5 e5 19. Bxb4 axb4 20. Qd2 exd4 21. Qxd4 Re8 22. Qxb4 Re5 23. Qd4 Rh5 24. Ne4 Qc8 25. h4 Be5 26. Qd1 Qf5 27. Nc5 Bxa1 28. g4 Qd5+ 29. e4 Qxd1 30. Rxd1 Rxc5 0-1


[Site "https://www.chess.com"]

[Event "Titled Tuesday Blitz December 20 Early 2022"]
[White "Manukyan_Artak"]
[Black "Kukku, Ramesh"]
[BlackFideId "25695606"]
[WhiteElo "2560"]
[BlackElo "1575"]
[Result "0-1"]
[Round "05"]
[TimeControl "180+2"]
[Date "2022.12.20"]
[WhiteClock "0:00:03"]
[BlackClock "0:01:06"]

1. e4 Nc6 2. Nf3 f5 3. e5 d6 4. Bb5 dxe5 5. Nxe5 Qd5 6. Qe2 Qxg2 7. Rf1 Nf6 8. d4 a6 9. Ba4 b5 10. Nxc6 Qxc6 11. Bb3 Bb7 12. a4 Qf3 13. axb5 Qxe2+ 14. Kxe2 axb5 15. Rxa8+ Bxa8 16. Nc3 c6 17. d5 Nxd5 18. Bxd5 cxd5 19. Nxb5 Kf7 20. f4 Bb7 0-1


[Site "https://www.chess.com"]

[Event "Titled Tuesday Blitz December 20 Early 2022"]
[White "MatthewG-p4p"]
[Black "Flawless_Fighter"]
[WhiteElo "2825"]
[BlackElo "2622"]
[Result "1-0"]
[Round "05"]
[TimeControl "180+2"]
[Date "2022.12.20"]
[WhiteClock "0:00:57"]
[BlackClock "0:00:16"]

1. f4 d5 2. Nf3 g6 3. g3 Bg7 4. Bg2 c5 5. O-O Nc6 6. d3 Nf6 7. Nc3 d4 8. Na4 Qd6 9. c4 b6 10. a3 Bb7 11. Rb1 O-O 12. Bd2 Ng4 13. b4 cxb4 14. axb4 Rad8 15. c5 bxc5 16. Nxc5 Ba8 17. Qa4 Ne3 18. Bxe3 dxe3 19. Rfc1 Rb8 20. b5 Nd4 21. Nxd4 Bxg2 22. Kxg2 Bxd4 23. Ne4 Qd7 24. Rc4 Bb6 25. Rbc1 Qd5 26. Kg1 h6 27. Rc6 e5 28. Nf6+ 1-0


[Site "https://www.chess.com"]

[Event "Titled Tuesday Blitz December 20 Early 2022"]
[White "McCarthyStone"]
[Black "Alex_Sahakyan2006"]
[WhiteElo "2471"]
[BlackElo "2611"]
[Result "1-0"]
[Round "05"]
[TimeControl "180+2"]
[Date "2022.12.20"]
[WhiteClock "0:00:11"]
[BlackClock "0:00:07"]

1. e4 c5 2. g3 d5 3. exd5 Qxd5 4. Nf3 Bg4 5. Bg2 Qe6+ 6. Kf1 Nc6 7. d3 Nf6 8. h3 Bh5 9. Na3 Qd7 10. Nc4 e6 11. g4 Bg6 12. Bf4 Nd5 13. Bg3 f6 14. Qe2 O-O-O 15. a4 e5 16. a5 Bf7 17. Kg1 Nf4 18. Bxf4 exf4 19. Qe4 g5 20. a6 Bd5 21. axb7+ Kxb7 22. Qe1 h5 23. Qc3 hxg4 24. hxg4 Rxh1+ 25. Kxh1 Bg7 26. Qb3+ Kc8 27. Qb5 Rh8+ 28. Kg1 Qxg4 29. Nd6+ Kd7 30. Ne4 Bxe4 31. dxe4 Rc8 32. Rxa7+ Rc7 33. Qd3+ Kc8 34. Ra8+ Nb8 35. Qa6+ Rb7 36. Qc6+ Rc7 37. Qe8+ Kb7 38. Rxb8+ Ka7 39. Ra8+ Kb7 40. Qb8+ Kc6 41. Ra6+ Kd7 42. Qb5+ Ke7 43. Rc6 Rxc6 44. Qxc6 Kf7 45. Qd5+ Kg6 46. Qxc5 Kh6 47. Qf5 Qxf5 48. exf5 g4 49. Nh2 Kg5 50. Be4 Bf8 51. c3 f3 52. Nf1 Kf4 53. Ng3 Bd6 54. b4 Be5 55. c4 Bc3 56. b5 Bd4 57. Kf1 Ke5 58. Bd3 Kf4 59. Ne4 Be5 60. c5 Kxf5 61. b6 Kf4 62. c6 f5 63. c7 fxe4 64. Bxe4 g3 65. fxg3+ Kxe4 66. c8=Q Bxg3 67. b7 Bf4 68. Qc4+ Kf5 69. Qxf4+ Kxf4 70. b8=Q+ 1-0


[Site "https://www.chess.com"]

[Event "Titled Tuesday Blitz December 20 Early 2022"]
[White "Meri-Arabidze"]
[Black "Arora, Tashika"]
[BlackFideId "459305"]
[WhiteElo "2730"]
[BlackElo "1896"]
[Result "0-1"]
[Round "05"]
[TimeControl "180+2"]
[Date "2022.12.20"]
[WhiteClock "0:00:01"]
[BlackClock "0:00:13"]

1. Nf3 Nf6 2. g3 d5 3. Bg2 Bf5 4. O-O e6 5. d3 h6 6. b3 c5 7. Bb2 Nc6 8. c4 d4 9. a3 a5 10. Nbd2 Be7 11. Nh4 Bh7 12. b4 cxb4 13. axb4 Bxb4 14. Nb3 e5 15. f4 Ng4 16. fxe5 Ne3 17. Qc1 Nxf1 18. Qxf1 O-O 19. Bd5 a4 20. Nxd4 a3 21. Bxa3 Rxa3 22. Rxa3 Bxa3 23. Ndf5 Nxe5 24. Qf4 Ng6 25. Qg4 Kh8 26. Nf3 Bb2 27. d4 b5 28. h4 bxc4 29. Bxc4 Qf6 30. e4 Ne7 31. Nxe7 Qxe7 32. e5 Qb4 33. Bd5 Qc3 34. Kg2 Qc2+ 35. Kg1 Bc1 36. h5 Be3+ 37. Kh1 Qf5 38. Qh4 Rb8 0-1


[Site "https://www.chess.com"]

[Event "Titled Tuesday Blitz December 20 Early 2022"]
[White "Michelin, Badi"]
[Black "tortorchess"]
[WhiteFideId "26032708"]
[WhiteElo "1762"]
[BlackElo "1836"]
[Result "1-0"]
[Round "05"]
[TimeControl "180+2"]
[Date "2022.12.20"]
[WhiteClock "0:00:01"]
[BlackClock "0:00:13"]

1. c4 e5 2. Nc3 Nf6 3. Nf3 Bb4 4. Qc2 d6 5. Nd5 Nxd5 6. cxd5 Bc5 7. e3 O-O 8. d4 exd4 9. exd4 Bb4+ 10. Bd2 Re8+ 11. Be2 Bxd2+ 12. Qxd2 Qf6 13. O-O Bf5 14. Rfe1 Be4 15. Qa5 b6 16. Qb5 c6 17. dxc6 Nxc6 18. Rac1 Nxd4 19. Nxd4 Qxd4 20. Bf3 Rad8 21. Rcd1 Bc6 22. Bxc6 Rxe1+ 23. Rxe1 Qd2 24. Qe2 Qxe2 25. Rxe2 Kf8 26. Kf1 Rc8 27. Ba4 f6 28. Rc2 Rd8 29. Rc7 d5 30. Rxa7 d4 31. Ke1 d3 32. Kd2 Rd5 33. Ra8+ Ke7 34. Ra7+ Kf8 35. Rd7 Ra5 36. Bb3 Rf5 37. f3 Rg5 38. g4 h5 39. h3 hxg4 40. hxg4 Re5 41. Kxd3 Re1 42. Kc2 Re2+ 43. Kc3 Re3+ 44. Rd3 Re1 45. a4 Rc1+ 46. Kb4 Rb1 47. Ka3 Re1 48. Ba2 Re5 49. Rb3 Ke7 50. Rxb6 Kd7 51. Rb7+ Kc6 52. Rxg7 Re3+ 53. Bb3 Kc5 54. a5 Rxf3 55. a6 Re3 56. a7 Re8 57. Rb7 Ra8 58. Bd1 Kc6 59. Bf3+ Kc5 60. Rf7 Rxa7+ 61. Rxa7 Kd6 62. Ra6+ Kc5 63. Ra5+ Kb6 64. Rf5 Kc7 65. Rxf6 Kb8 66. Kb4 Kc7 67. Kc5 Kd7 68. Rf7+ Kc8 69. Kc6 Kb8 70. g5 Kc8 71. Rf8# 1-0


[Site "https://www.chess.com"]

[Event "Titled Tuesday Blitz December 20 Early 2022"]
[White "Michels, Achim"]
[Black "Sadykov_Ramil"]
[WhiteFideId "4677889"]
[WhiteElo "2163"]
[BlackElo "2546"]
[Result "0-1"]
[Round "05"]
[TimeControl "180+2"]
[Date "2022.12.20"]
[WhiteClock "0:00:02"]
[BlackClock "0:00:19"]

1. e4 c5 2. Nf3 Nc6 3. d4 cxd4 4. Nxd4 Nf6 5. Nc3 d6 6. Bg5 Bd7 7. Qd2 h6 8. Bxf6 gxf6 9. f4 Nxd4 10. Qxd4 Qa5 11. Bc4 Rc8 12. Bb3 h5 13. O-O-O Qc5 14. Qd3 f5 15. e5 e6 16. exd6 Bg7 17. Ne2 O-O 18. Qg3 a5 19. c3 a4 20. Bc2 h4 21. Qg5 a3 22. Rd3 axb2+ 23. Kb1 Bb5 24. d7 Rcd8 25. Rh3 Bxe2 26. Qxh4 f6 27. Re1 Bg4 28. Qh7+ Kf7 29. Bb3 Bxh3 30. Bxe6+ Ke7 31. Qxg7+ Kd6 32. gxh3 Qxc3 33. Qg1 Kc7 0-1


[Site "https://www.chess.com"]

[Event "Titled Tuesday Blitz December 20 Early 2022"]
[White "Mikhail_Bryakin"]
[Black "Pitcher, John"]
[BlackFideId "411485"]
[WhiteElo "2765"]
[BlackElo "2210"]
[Result "1-0"]
[Round "05"]
[TimeControl "180+2"]
[Date "2022.12.20"]
[WhiteClock "0:00:29"]
[BlackClock "0:00:03"]

1. e4 c6 2. d4 d5 3. Nc3 dxe4 4. Nxe4 Bf5 5. Ng3 Bg6 6. h4 h6 7. Nf3 Nd7 8. h5 Bh7 9. Bd3 Bxd3 10. Qxd3 e6 11. Bd2 Ngf6 12. O-O-O Be7 13. Kb1 Qb6 14. Ne4 Rd8 15. c4 O-O 16. Bc3 Qa6 17. g4 Nxe4 18. Qxe4 Qxc4 19. g5 Qd5 20. Qg4 Bxg5 21. Nxg5 Qxg5 22. Qe2 Nf6 23. Rdg1 Qf5+ 24. Ka1 Ne4 25. Bb4 Rfe8 26. f3 Nf6 27. Bd2 Kh7 28. Qe3 Rg8 29. Rh4 Nd5 30. Qe2 b6 31. a3 c5 32. dxc5 bxc5 33. Rhg4 Rd7 34. Qg2 Qf6 35. Qe2 Rb7 36. Bc1 Kh8 37. Qc2 Rc7 38. Qd2 Rgc8 39. Rxg7 Qxg7 40. Rxg7 Kxg7 41. Qxh6+ Kg8 42. Qg5+ Kf8 43. h6 Ke8 44. h7 Kd7 45. Bf4 Nxf4 46. Qxf4 Rb7 47. Qf6 Kc6 48. h8=Q Rxh8 49. Qxh8 Rd7 50. Qe5 Rd5 51. Qe4 Kd6 52. Kb1 f5 53. Qf4+ Kc6 54. Qb8 Rd7 55. Qc8+ Kd6 56. f4 Rc7 57. Qd8+ Rd7 58. Qb8+ Kd5 59. Qe5+ Kc6 60. Qxe6+ 1-0


[Site "https://www.chess.com"]

[Event "Titled Tuesday Blitz December 20 Early 2022"]
[White "Mileo, Miguelito"]
[Black "Mohammed, Dilshad"]
[WhiteFideId "851108"]
[BlackFideId "5050421"]
[WhiteElo "1721"]
[BlackElo "2103"]
[Result "1-0"]
[Round "05"]
[TimeControl "180+2"]
[Date "2022.12.20"]
[WhiteClock "0:00:20"]
[BlackClock "0:00:03"]

1. c4 e5 2. Nc3 Nf6 3. Nf3 Nc6 4. a3 Be7 5. e3 d5 6. cxd5 Nxd5 7. Qc2 Nxc3 8. dxc3 O-O 9. e4 Bg4 10. Be2 Bxf3 11. Bxf3 Bg5 12. O-O Bxc1 13. Rfxc1 Qf6 14. b4 Rfd8 15. Rd1 Kf8 16. a4 Rxd1+ 17. Rxd1 Rd8 18. Rd5 Rxd5 19. exd5 Ne7 20. Qd2 Ng6 21. Be4 Nf4 22. c4 Qg5 23. Kf1 f5 24. Bf3 e4 25. g3 Nh3 26. Qxg5 Nxg5 27. Be2 Ke7 28. Ke1 b6 29. Kd2 Kd6 30. Kc3 Ke5 31. a5 Nh3 32. f4+ exf3 33. Bxf3 Ng5 34. Bg2 Nf7 35. c5 bxc5 36. bxc5 g5 37. Kc4 f4 38. Kb5 Nd8 39. Ka6 Kd4 40. d6 cxd6 41. cxd6 Kc5 42. d7 Kd6 43. Kxa7 Kxd7 44. Kb6 fxg3 45. hxg3 Kc8 46. a6 1-0


[Site "https://www.chess.com"]